 Dungeon Crawl Stone Soup version 0.29-a0-577-gafbf2c5d25 (webtiles) character file.

Game seed: 7981733936590863378

13 DocClef the Sneak (level 2, -1/26 HPs)
             Began as a Draconian Delver on June 13, 2022.
             Slain by a hound (3 damage)
             ... on level 4 of the Dungeon.
             The game lasted 00:01:01 (621 turns).

DocClef the Sneak (Draconian Delver)                 Turns: 621, Time: 00:01:02

Health: -1/26      AC:  4    Str: 14    XL:     2   Next: 24%
Magic:  2/2        EV: 12    Int: 10    God:
Gold:   58         SH:  0    Dex: 12    Spells: 1/1 levels left

rFire   . . .      SeeInvis .   j - +6 dagger
rCold   . . .      Faith    .   (no shield)
rNeg    . . .      Spirit   .   (body armour unavailable)
rPois   .          Reflect  .   (helmet restricted)
rElec   .          Harm     .   (no cloak)
rCorr   .          Rampage  .   (no gloves)
Will    .....                   (no boots)
Stlth   +++.......              (no amulet)
HPRegen 0.08/turn               (no ring)
MPRegen 0.08/turn               (no ring)

@: no status effects
A: AC +4, unfitting armour, cold-blooded
a: no special abilities


You were on level 4 of the Dungeon.
You visited 2 branches of the dungeon, and saw 4 of its levels.

You collected 58 gold pieces.

Inventory:

Hand Weapons
 a - a +0 short sword
 j - a +6 dagger (weapon)
Wands
 f - a wand of digging (3)
Scrolls
 b - a scroll of fog
 d - a scroll of fear
Potions
 c - a potion of attraction {unknown}
 e - a potion of haste
 g - a potion of flight {unknown}
 h - 2 potions of curing {unknown}
 i - a potion of heal wounds {unknown}


   Skills:
 + Level 3.4 Fighting
 + Level 2.0 Short Blades
 + Level 1.8 Dodging
 + Level 4.9 Stealth


You had one spell level left.
You didn't know any spells.
Your spell library contained the following spells:

 Spells                   Type           Power      Damage    Failure   Level
 Magic Dart               Conj           0%         1d3       36%         1
 Call Imp                 Summ           0%         N/A       50%         2
 Mephitic Cloud           Conj/Pois/Air  0%         N/A       75%         3
 Freezing Cloud           Conj/Ice/Air   0%         6-21      100%        5
 Simulacrum               Ice/Necr       0%         N/A       100%        6
 Polar Vortex             Ice            0%         N/A       100%        9


Dungeon Overview and Level Annotations

Branches:
Dungeon (6/15)             Temple (1/1) D:5

Altars:
Ashenzari
Dithmenos
Gozag
Nemelex Xobeh
Qazlal
Sif Muna
Uskayaw
Wu Jian
Xom
Yredelemnul

Portals:
Sewer: D:4


Innate Abilities, Weirdness & Mutations

Your plain brown scales are hard. (AC +4)
You cannot fit into any form of body armour.
You are cold-blooded and may be slowed by cold attacks.


Message History

You kill the giant cockroach!
The orc misses you.
You enter the shallow water.
Moving in this stuff is going to be slow.
The orc hits you but does no damage.
A black bear comes into view.
The hound bites you.
You are too injured to fight recklessly!
You are too injured to fight recklessly!
You are too injured to fight recklessly!
You are too injured to fight recklessly!
You are too injured to fight recklessly!
You are too injured to fight recklessly!
You are too injured to fight recklessly!
You are too injured to fight recklessly!
You are too injured to fight recklessly!
You are too injured to fight recklessly!
You are too injured to fight recklessly!
You are too injured to fight recklessly!
You are too injured to fight recklessly!
You are too injured to fight recklessly!
You are too injured to fight recklessly!
You are too injured to fight recklessly!
You are too injured to fight recklessly!
The orc splashes around in the water.
The orc hits you from afar with a +0 trident.
You hit the hound.
The hound is moderately wounded.
The hound bites you.
* * * LOW HITPOINT WARNING * * *
The hound bites you but does no damage. The orc barely misses you.
You hit the hound. You tail-slap the hound.
The hound is severely wounded.
The hound bites you.
* * * LOW HITPOINT WARNING * * *
The orc barely misses you.
You hit the hound.
Your tail-slap misses the hound.
The hound is severely wounded.
The hound bites you.
You die...

,,,***,,,........#*#.# *,,,*
**,,,,,,,..#...#..##.# *****,**
*,,,,,,,,..≈≈≈≈≈...#.#####,,,,,,,
,,,,,<,,,#≈≈≈≈≈≈≈#.......#,,,,,,,
**,,,,,,,.≈≈≈≈≈≈≈........#,,,,,,,
**,,,,,,,.≈≈≈∩≈≈≈........#,,,,,,,
*,,,,,,,≈≈h≈≈o≈≈≈.......#*******
*,,,,,,,#≈≈≈≈≈†h#.......# *
*,,,,,,,..≈≈≈≈†@........# *
*,,,,,,,..#..≈#.........# *
*,,,,,,,........######### *
********.....#### * *#####* *


You could see a black bear, a hound and an orc.

Vanquished Creatures
  An ufetubus (D:5)
  A worm (D:4)
  An orc (D:5)
  A giant cockroach (D:4)
  A rat (D:4)
5 creatures vanquished.

Notes
Turn   | Place    | Note
-------+----------+-------------------------------------------
     0 | D:5      | DocClef the Draconian Delver began the quest for the Orb.
     0 | D:5      | Reached XP level 1. HP: 19/19 MP: 1/1
     0 | D:5      | Found a staircase to the Ecumenical Temple.
   173 | Temple   | Entered the Ecumenical Temple
   524 | D:5      | Noticed a killer bee
   599 | D:4      | Found a glowing drain.
   605 | D:4      | Reached XP level 2. HP: 26/26 MP: 2/2
   617 | D:4      | Noticed a black bear
   621 | D:4      | Slain by a hound

Illustrated notes

Levels and vault maps discovered:
D:4:      layout_rooms, cheibrodos_sewer_entry_drain, serial_shops,
          nicolae_shop_temple_entry_statues_fountains,
          nicolae_concentric_dashed_squares_mild, kennysheep_big_empty_room
D:5:      minmay_general_purpose_star, layout_gridville, temple_doors_e,
          chequers_jeans
D:6:      nicolae_cairo_tiling_large, layout_cave_pools,
          nicolae_hepliaklqana_monster_ancestors, trog_hazing_becter,
          nicolae_ru_sacrificial_ziggurat, kennysheep_generic_room_7
Temple:   eino_wide_crystal_templ

Action                   || total
-------------------------++-------
Melee: Dagger            ||    17
       Short sword       ||     1
       Tailslap          ||     1
  Use: Scroll            ||     1
 Stab: Sleeping          ||     2
Armor: Skin              ||     5
Dodge: Dodged            ||     9

Table legend: (Time is in decaauts)
 A = Elapsed time spent in this place.
 B = Non-inter-level travel time spent in this place.
 C = Inter-level travel time spent in this place.
 D = Time resting spent in this place.
 E = Time spent auto-exploring this place.
 F = Levels seen in this place.
 G = Mean time per level.
                   A        B        C        D        E       F      G
               +--------+--------+--------+--------+--------+-----+--------+
         Total |    619 |    584 |     35 |      0 |    461 |   4 |  154.8 |
       Dungeon |    565 |    542 |     23 |      0 |    427 |   3 |  188.3 |
        Temple |     54 |     42 |     12 |      0 |     34 |   1 |   54.0 |
               +--------+--------+--------+--------+--------+-----+--------+

Top non-repeatable levels by time:
     D:5: 487 daAuts
     D:4: 76 daAuts
  Temple: 54 daAuts
     D:6: 1 daAuts
